 Dungeon Crawl Stone Soup version 0.21-a0-286-g6fcecc0 (webtiles) character file.

100 tilp the Firebug (level 4, -1/33 HPs)
             Began as a Hill Orc Fire Elementalist on Sept 25, 2017.
             Slain by a worm (6 damage)
             ... on level 2 of the Dungeon.
             The game lasted 00:06:03 (1873 turns).

tilp the Firebug (Hill Orc Fire Elementalist)       Turns: 1873, Time: 00:06:03

Health: -1/33      AC:  2    Str:  9 (10) XL:     4   Next: 73%
Magic:  0/7        EV: 12    Int: 14 (16) God:
Gold:   56         SH:  0    Dex: 10 (11) Spells: 1/7 levels left

rFire    . . .     SeeInvis .   g - +0 dagger
rCold    . . .     Gourm    .   (no shield)
rNeg     . . .     Faith    .   a - +0 robe
rPois    .         Spirit   .   e - +0 hat
rElec    .         Reflect  .   (no cloak)
rCorr    .         Harm     .   (no gloves)
MR       .....                  (no boots)
Stlth    ++........             (no amulet)
HPRegen  0.11/turn              (no ring)
MPRegen  0.10/turn              (no ring)

@: no status effects
A: no striking features
a: no special abilities


You were on level 2 of the Dungeon.
You were very hungry.

You visited 1 branch of the dungeon, and saw 2 of its levels.

You collected 56 gold pieces.

Inventory:

Hand Weapons
 f - a +0 hand axe
 g - a +0 dagger (weapon)
Missiles
 i - 42 stones (quivered)
Armour
 a - a +0 robe (worn)
 e - a +0 hat (worn)
Jewellery
 j - an uncursed ring of resist corrosion {unknown}
Scrolls
 d - 4 scrolls of identify {unknown}
Books
 b - a book of Flames

   Spells                             Type                      Level
   a - Flame Tongue                   Conjuration/Fire             1
   b - Throw Flame                    Conjuration/Fire             2
   c - Conjure Flame                  Conjuration/Fire             3
   d - Inner Flame                    Hexes/Fire                   3
   e - Sticky Flame                   Conjuration/Fire             4
   f - Fireball                       Conjuration/Fire             5
Comestibles
 c - 3 bread rations
 m - 3 chunks of flesh


   Skills:
 - Level 1.5 Dodging
 - Level 1.5 Stealth
 + Level 2.4 Spellcasting
 + Level 2.5 Conjurations
 + Level 4.3 Fire Magic


You had one spell level left.
You knew the following spells:

 Your Spells              Type           Power        Failure   Level  Hunger
a - Flame Tongue          Conj/Fire      ##...        5%          1    #......
b - Throw Flame           Conj/Fire      ##....       9%          2    ###....
c - Conjure Flame         Conj/Fire      ##......     17%         3    ###....


Dungeon Overview and Level Annotations

Branches:
Dungeon (2/15)

Altars:

Annotations:
D:1 potion cut off by deep water


Message History

Casting: Flame Tongue
Confirm with . or Enter, or press ? or * to list all spells.
Aiming: Flame Tongue
Press: ? - help, Shift-Dir - straight line, f - goblin
Aim: a goblin The flame tongue hits the goblin.
You kill the goblin!
You are feeling very hungry.
The hobgoblin hits you with a club.
Things that are here:
a dagger; a goblin corpse You closely miss the hobgoblin.
The hobgoblin hits you with a club.
* * * LOW HITPOINT WARNING * * *
The worm barely misses you.
You aren't carrying any potions.
You barely miss the hobgoblin. The hobgoblin closely misses you.
You closely miss the hobgoblin. The hobgoblin hits you with a club.
* * * LOW HITPOINT WARNING * * *
The worm bites you.
You die...

##########
#.w@gKg..#
#$######.#
#.# #.# #.#
#.# #.# #g#
#.# #.# #.#
#g######
#.#
#.K))gK#
#?#
#########g#


You could see a worm, 2 hobgoblins and a kobold.

Vanquished Creatures
  Natasha (D:2)
  Robin (D:2)
  An adder (D:2)
  An ooze (D:2)
  A worm (D:2)
  3 dart slugs (D:1)
  4 bats (D:1)
  A giant cockroach (D:2)
  10 goblins
  A hobgoblin (D:2)
  4 jackals
  3 kobolds (D:1)
  3 ball pythons (D:1)
  3 frilled lizards (D:1)
  4 rats
41 creatures vanquished.

Notes
Turn   | Place    | Note
-------+----------+-------------------------------------------
     0 | D:1      | tilp the Hill Orc Fire Elementalist began the quest for the Orb.
     0 | D:1      | Reached XP level 1. HP: 14/14 MP: 3/3
   390 | D:1      | Reached XP level 2. HP: 12/20 MP: 0/4
   394 | D:1      | Learned a level 2 spell: Throw Flame
   972 | D:1      | Reached XP level 3. HP: 17/26 MP: 1/6
   983 | D:1      | Learned a level 3 spell: Conjure Flame
  1695 | D:2      | Noticed Robin
  1722 | D:2      | Reached skill level 4 in Fire Magic
  1776 | D:2      | Killed Robin
  1776 | D:2      | Reached XP level 4. HP: 4/33 MP: 0/7
  1794 | D:2      | Noticed Natasha
  1829 | D:2      | Killed Natasha
  1873 | D:2      | Slain by a worm

Vault maps used:
D:1:      scummos_arrival_checkerplants, corexii_item_surrounded_by_moat
D:2:      first_bread, uniq_robin, uniq_natasha

Skill      XL: |  1  2  3 |
---------------+----------+-----
Spellcasting   | 2 |  2.4
Conjurations   | 2 |  2.5
Fire Magic     | 4 |  4.3
Dodging        | |  1.5
Stealth        | |  1.5

Action                   |  1- 3 |  4- 6 || total
-------------------------+-------+-------++-------
Melee: Dagger            |    38 |    49 ||    87
 Cast: Flame Tongue      |    48 |     9 ||    57
  Use: Potion            |       |     6 ||     6
       Scroll            |       |     1 ||     1
 Stab: Sleeping          |     3 |       ||     3
       Distracted        |     1 |       ||     1
  Eat: Chunk             |     3 |       ||     3
Armor: Robe              |    14 |       ||    14
       Skin              |       |    67 ||    67
Dodge: Dodged            |    25 |    20 ||    45

Table legend:
 A = Spawn XP
 B = Non-spawn XP
 C = Spawn XP percentage of total XP
 D = Spawn monster count
 E = Non-spawn monster count
 F = Spawn count percentage of total count
 G = Total turns spent on level
                    A         B        C        D         E        F      G
               +---------+---------+-------+---------+---------+-------+---------
         Total |       0 |     143 |   0.0 |       0 |      41 |   0.0 |  1873
               +---------+---------+-------+---------+---------+-------+---------
           D:1 |       0 |      44 |   0.0 |       0 |      24 |   0.0 |  1501
           D:2 |       0 |      99 |   0.0 |       0 |      17 |   0.0 |   372
               +---------+---------+-------+---------+---------+-------+---------
